 Dungeon Crawl Stone Soup version 0.20-a0-1050-g57248f3 (webtiles) character file.

107 Rrauwl the Skirmisher (level 4, -3/50 HPs)
             Began as an Ogre Monk on Apr 25, 2017.
             Slain by an orc
             ... wielding a +0 mace
              (6 damage)
             ... on level 3 of the Dungeon.
             The game lasted 00:04:16 (2925 turns).

Rrauwl the Skirmisher (Ogre Monk)                   Turns: 2925, Time: 00:04:17

Health: -3/50      AC:  3    Str: 16    XL:     4   Next: 86%
Magic:  4/4        EV: 10    Int: 11    God:
Gold:   82         SH:  0    Dex: 11    Spells: 3/3 levels left

rFire    . . .     SeeInvis .   a - +1 mace
rCold    . . .     Gourm    .   (no shield)
rNeg     . . .     Faith    .   b - +0 robe
rPois    .         Spirit   .   (helmet restricted)
rElec    .         Reflect  .   (no cloak)
rCorr    .         Harm     +   (gloves unavailable)
MR       .....                  (boots unavailable)
Stlth    ++........             k - amulet of harm
Regen    0.2/turn               h - ring of wizardry
MPRegen  0.1/turn               (no ring)

@: slowed, very slow
A: unfitting armour, tough skin 1
a: no special abilities


You were on level 3 of the Dungeon.
You were not hungry.

You visited 1 branch of the dungeon, and saw 3 of its levels.

You collected 82 gold pieces.

Inventory:

Hand Weapons
 a - a +1 mace (weapon)
Armour
 b - a +0 robe (worn)
Jewellery
 g - an uncursed amulet of magic regeneration
 h - a ring of wizardry (left hand)
 k - an amulet of harm (around neck)
Wands
 i - a wand of iceblast (3/15)
 l - a wand of confusion (29/48)
Scrolls
 e - 5 scrolls of remove curse
Potions
 f - a potion of curing {unknown}
 j - 2 potions of haste {unknown}
Comestibles
 c - 2 bread rations
 d - a chunk of flesh
 n - a meat ration


   Skills:
 + Level 5.3 Fighting
 + Level 4.0 Maces & Flails
 - Level 3.0 Dodging
 - Level 1.4 Stealth


You had 3 spell levels left.
You didn't know any spells.

Dungeon Overview and Level Annotations

Branches:
Dungeon (3/15)

Altars:


Innate Abilities, Weirdness & Mutations

You are too large for most types of armour.
You have tough skin. (AC +1)


Message History

Press: ? - help, Shift-Dir - straight line
Okay, then.
Natasha wildly gestures.
Natasha's front paws start to glow.
Natasha claws you.
* * * LOW HITPOINT WARNING * * *
Evoke which item? (* to show all) (? for menu, Esc to quit)
Aiming: Iceblast (will waste charges)
Press: ? - help, Shift-Dir - straight line The mass of ice explodes!
The iceblast engulfs the crimson imp.
The crimson imp is frozen!
You kill the crimson imp!
The iceblast engulfs Natasha.
You kill Natasha!
Natasha growls in agony!
Your Maces & Flails skill increases to level 4!
Evoking this partially-identified wand wasted a few charges.
You hear a shout! x3
The orc hits you with a mace.
You die...

.......
#.......
#.......
#......
###....#
####..$..
#......#
#...<)o#
#.....@#
#......###+#.
#...........#
#............
#...........#
####.#.......
#.###+#...
#.# ##. #.#


You could see an orc.

Vanquished Creatures
  Natasha (D:3)
  An adder (D:2)
  An ooze (D:3)
  2 worms
  4 dart slugs (D:1)
  2 leopard geckos
  An orc (D:3)
  2 ball pythons
  12 bats
  3 giant cockroaches
  4 goblins
  7 hobgoblins
  4 kobolds
  A quokka (D:2)
  3 frilled lizards (D:1)
  6 rats
54 creatures vanquished.

Notes
Turn   | Place    | Note
-------+----------+-------------------------------------------
     0 | D:1      | Rrauwl the Ogre Monk began the quest for the Orb.
     0 | D:1      | Reached XP level 1. HP: 24/24 MP: 1/1
    40 | D:1      | Reached XP level 2. HP: 29/32 MP: 2/2
   669 | D:1      | Reached XP level 3. HP: 33/40 MP: 3/3
  1998 | D:2      | HP: 2/41 [worm (7)]
  2001 | D:2      | Reached XP level 4. HP: 2/49 MP: 4/4
  2467 | D:3      | Reached skill level 5 in Fighting
  2911 | D:3      | Noticed Natasha
  2924 | D:3      | HP: 2/50 [Natasha (3)]
  2925 | D:3      | Killed Natasha
  2925 | D:3      | Slain by an orc

Vault maps used:
D:1:      dpeg_arrival_court, kennysheep_crisscross
D:2:      first_bread, minmay_unequal
D:3:      uniq_crazy_yiuf_cottage, uniq_natasha, uniq_terence

Skill      XL: |  1  2  3  4 |
---------------+-------------+-----
Maces & Flails | 3 4 |  4.0
Dodging        | 3 |  3.0
Fighting       | 5 |  5.3
Stealth        | |  1.4

Action                   |  1- 3 |  4- 6 || total
-------------------------+-------+-------++-------
Melee: Mace              |   116 |    62 ||   178
Evoke: Wand              |       |     1 ||     1
  Use: Scroll            |     2 |     1 ||     3
 Stab: Sleeping          |     2 |     3 ||     5
  Eat: Chunk             |     3 |       ||     3
       Bread ration      |       |     1 ||     1
Armor: Robe              |    33 |    12 ||    45
Dodge: Dodged            |    71 |    44 ||   115
